 Dungeon Crawl Stone Soup version 0.21.1-1-g345015fe64 (webtiles) character file.

270 Darkins the Slasher (level 6, 0/44 HPs)
             Began as a Human Gladiator on Mar 15, 2018.
             Killed from afar by an orc wizard (11 damage)
             ... with a puff of frost
             ... on level 4 of the Dungeon.
             The game lasted 00:07:18 (2865 turns).

Darkins the Slasher (Human Gladiator)               Turns: 2865, Time: 00:07:18

Health: 0/44       AC:  5    Str: 15    XL:     6   Next: 47%
Magic:  6/6        EV: 14    Int: 13    God:
Gold:   159        SH:  0    Dex: 15    Spells: 5/5 levels left

rFire    . . .     SeeInvis .   l - +1 falchion (slice)
rCold    . . .     Gourm    .   (no shield)
rNeg     . . .     Faith    .   b - +0 leather armour
rPois    .         Spirit   .   c - +1 helmet
rElec    .         Reflect  .   (no cloak)
rCorr    .         Harm     .   (no gloves)
MR       .....                  (no boots)
Stlth    +.........             (no amulet)
HPRegen  0.14/turn              i - +4 ring of intelligence
MPRegen  0.10/turn              (no ring)

@: lethally poisoned (0 -> -3)
A: no striking features
a: no special abilities


You were on level 4 of the Dungeon.
You were hungry.

You visited 1 branch of the dungeon, and saw 4 of its levels.

You collected 159 gold pieces.

Inventory:

Hand Weapons
 a - a +0 long sword
 l - a +1 falchion of slicing (weapon)
 m - a +2 hand axe of draining
 n - a cursed -2 dagger
 o - a +2 vampiric war axe
 r - a +0 dagger of electrocution
Missiles
 d - 3 throwing nets (quivered)
 p - 2 tomahawks
Armour
 b - a +0 leather armour (worn)
 c - a +1 helmet (worn)
Jewellery
 i - a +4 ring of intelligence (left hand)
Scrolls
 h - a scroll of magic mapping {unknown}
 j - a scroll of enchant armour
 k - a scroll of immolation
Potions
 e - 2 potions of heal wounds
 g - a potion of degeneration {unknown}
 s - 2 potions of agility {unknown}
Comestibles
 f - 4 rations


   Skills:
 - Level 2.0 Fighting
 - Level 6.2 Long Blades
 - Level 2.0 Throwing
 * Level 4.0 Dodging


You had 5 spell levels left.
You didn't know any spells.

Dungeon Overview and Level Annotations

Branches:
Dungeon (4/15)
 Temple: D:4-7

Altars:


Message History

The orc wizard hits you with a dagger.
You closely miss the orc wizard.
The orc wizard is severely wounded.
The orc wizard closely misses you. The orc wizard hits you with a dagger.
You closely miss the orc wizard.
The orc wizard is heavily wounded.
The orc wizard hits you but does no damage.
The orc wizard misses you.
You closely miss the orc wizard.
The orc wizard is heavily wounded.
You feel sick.
The orc wizard points at you and mumbles some strange words.
The magic dart hits you!
* * * LOW HITPOINT WARNING * * *
The orc misses you. The orc wizard completely misses you.
You riposte.
You hit the orc wizard.
The orc wizard is severely wounded.
The orc wizard casts a spell at you. The puff of frost hits you!
You die...

.......
oo.o........
.........$.
.o........ .......
# .... #. ###)#
##.##o..#####..[
#..o@o#........)
##...####.#####...
.)..#. ##..#
.##.#. #..##
##.#.##.##
#.......##
..##.....# ##.##.#
#)# ...


You could see 2 orc wizards and an orc.

Vanquished Creatures
  A crimson imp (D:3)
  A hound (D:4)
  A worker ant (D:4)
  A killer bee zombie (D:3)
  A gnoll (D:1)
  5 adders
  An ooze (D:3)
  3 worms (D:2)
  3 dart slugs
  A leopard gecko (D:1)
  10 orcs
  3 bats
  4 giant cockroaches
  11 goblins
  7 hobgoblins
  3 jackals (D:3)
  2 quokkas
  5 frilled lizards
  7 kobolds
  14 rats
84 creatures vanquished.

Notes
Turn   | Place    | Note
-------+----------+-------------------------------------------
     0 | D:1      | Darkins the Human Gladiator began the quest for the Orb.
     0 | D:1      | Reached XP level 1. HP: 16/16 MP: 1/1
    43 | D:1      | Reached XP level 2. HP: 19/22 MP: 2/2
   309 | D:1      | Reached skill level 4 in Long Blades
   309 | D:1      | Reached XP level 3. HP: 21/27 MP: 3/3
  1042 | D:2      | Reached XP level 4. HP: 31/33 MP: 4/4
  1084 | D:2      | Reached skill level 5 in Long Blades
  1437 | D:2      | Reached XP level 5. HP: 38/38 MP: 5/5
  2405 | D:3      | Reached skill level 6 in Long Blades
  2405 | D:3      | Reached XP level 6. HP: 35/44 MP: 6/6
  2865 | D:4      | Killed from afar by an orc wizard

Skill      XL: |  1  2  3  4  5  6 |
---------------+-------------------+-----
Long Blades    | 4 5 6 |  6.2
Dodging        | 4 |  4.0
Fighting       | |  2.0
Throwing       | |  2.0

Action                   |  1- 3 |  4- 6 || total
-------------------------+-------+-------++-------
Melee: Long sword        |    45 |       ||    45
       Falchion          |    21 |   176 ||   197
  Use: Scroll            |       |     6 ||     6
 Stab: Sleeping          |     3 |     1 ||     4
  Eat: Chunk             |       |     6 ||     6
Armor: Leather armour    |    16 |    36 ||    52
Dodge: Dodged            |    52 |   118 ||   170
       Rpst.: Long sword |    16 |       ||    16
       Falchion          |     7 |    48 ||    55
